 Dungeon Crawl Stone Soup version 0.29.0-4-gdea44cf6ec (webtiles) character file.

Game seed: 15511804210530966661

626 qw the Chopper (level 7, 0/41 HPs)
             Began as a Tengu Warper on Aug 28, 2022.
             Killed from afar by an orc wizard (10 damage)
             ... with a puff of flame
             ... on level 5 of the Dungeon.
             The game lasted 00:00:28 (5282 turns).

qw the Chopper (Tengu Warper)                       Turns: 5282, Time: 00:00:29

Health: 0/41       AC: 11    Str: 13    XL:     7   Next: 47%
Magic:  11/11      EV:  5    Int: 13    God:
Gold:   199        SH:  0    Dex: 14    Spells: 10/10 levels left

rFire   . . .      SeeInvis .   e - +0 war axe
rCold   + . .      Faith    .   (no shield)
rNeg    . . .      Spirit   .   c - +0 plate armour
rPois   .          Reflect  .   (helmet restricted)
rElec   .          Harm     .   (no cloak)
rCorr   .          Rampage  .   (no gloves)
Will    .....      Rnd*Tele +   (boots unavailable)
Stlth   ..........              (no amulet)
HPRegen 0.13/turn               (no ring)
MPRegen 0.12/turn               (no ring)

@: flying quickly and evasively, quick
A: beak, talons 3, nimble flight, cold resistance 1, passive freeze,
teleportitis 1
a: no special abilities


You were on level 5 of the Dungeon.
You visited 2 branches of the dungeon, and saw 6 of its levels.

You collected 199 gold pieces.


Innate Abilities, Weirdness & Mutations

You have a beak for a mouth.
You have claws for feet.
Your magical nature lets you fly swiftly and evasively.
Your flesh is cold resistant. (rC+)
A frigid envelope surrounds you and freezes all who hurt you.
You are occasionally teleported next to monsters.


   Skills:
 - Level 3.0 Fighting
 + Level 7.8 Axes
 - Level 1.0 Throwing
 - Level 3.3 Armour
 - Level 2.1 Dodging
 - Level 2.0 Spellcasting
 - Level 2.4 Translocations


You had 10 spell levels left.
You didn't know any spells.
Your spell library contained the following spells:

 Spells                   Type           Power      Damage    Failure   Level
 Blink                    Tloc           14%        N/A       100%        2
 Gell's Gravitas          Tloc           7%         N/A       100%        3
 Lesser Beckoning         Tloc           7%         N/A       100%        3
 Teleport Other           Tloc           7%         N/A       100%        3
 Manifold Assault         Tloc           7%         N/A       100%        5

Inventory:

Hand Weapons
 e - a +0 war axe (weapon)
 i - a +0 flail
Missiles
 a - 6 boomerangs (quivered)
Armour
 c - a +0 plate armour (worn)
Scrolls
 f - 2 scrolls of identify
Potions
 b - 2 potions of curing
 g - a potion of resistance
 h - a potion of magic {unknown}
 j - a potion of might {unknown}

Dungeon Overview and Level Annotations

Branches:
Dungeon (5/15)             Temple (1/1) D:4

Altars:
Ashenzari
Cheibriados
Elyvilon
Gozag
Hepliaklqana
Makhleb
Nemelex Xobeh
Qazlal
Sif Muna
Trog
Uskayaw
Xom
Zin
The Shining One


Message History

You start resting.
An orc priest comes into view. It is wielding a +0 dagger.
An orc comes into view. It is wielding a +0 dagger.
The orc shouts!
The orc priest shouts!
5237 ||| Stepping ~*~*~tactically~*~*~ (hiding).
You closely miss the orc. Your kick misses the orc.
You peck the orc, but do no damage. The orc hits you but does no damage.
The orc is very cold.
You kill the orc!
The orc priest hits you but does no damage.
You closely miss the orc priest. You claw the orc priest!
The orc priest is heavily wounded.
The orc priest completely misses you.
You barely miss the orc priest.
The orc priest is heavily wounded.
An orc comes into view. It is wielding a +0 club.
The orc priest invokes the aid of Beogh against you.
Pain shoots through your body!
You hit the orc priest. You claw the orc priest.
You kill the orc priest!
Throw: 6 boomerangs
Press: ? - help, Q - select action Shift-Dir - straight line, f - orc You throw a boomerang.
The boomerang closely misses the orc.
Throw: 6 boomerangs
Press: ? - help, Q - select action Shift-Dir - straight line, f/p - orc You throw a boomerang.
The boomerang hits the orc.
The orc is almost dead.
You barely miss the orc.
The orc is almost dead.
The orc barely misses you.
You closely miss the orc. You claw the orc.
You kill the orc!
You start resting.
An orc wizard comes into view. It is wielding a +0 dagger.
An orc comes into view. It is wielding a +0 mace.
Found a stone staircase leading up.
The orc wizard shouts!
The orc shouts!
The orc wizard gestures at you while chanting.
The puff of flame hits you!
You die...

.............o
..............
............##
.".$......).# ..
......?..#.# ...
..o.......##..o.
#..# #........#
#..# #).@....#
###..###).)#....o.
###
#....).......##...
..# #....).....###
. #.# ##..........#
#.###...........#
#.##............#
##....#..........#
....######.....#...
#


You could see an orc wizard and an orc.

Vanquished Creatures
  A black bear (D:3)
  An ogre (D:5)
  A necrophage (D:4)
  A hound (D:4)
  3 orc priests (D:5)
  2 iguanas
  Robin (D:2)
  4 adders
  6 gnolls
  2 worms
  A dart slug (D:4)
  3 orcs (D:5)
  3 ball pythons (D:1)
  10 endoplasms
  2 giant cockroaches
  15 goblins
  11 hobgoblins
  4 jackals (D:1)
  8 kobolds
  5 quokkas
  4 bats
  6 frilled lizards
  6 rats
100 creatures vanquished.

Vanquished Creatures (others)
  13 plants (D:1)
13 creatures vanquished.

Grand Total: 113 creatures vanquished

Notes
Turn   | Place    | Note
-------+----------+-------------------------------------------
     0 | D:1      | qw the Tengu Warper began the quest for the Orb.
     0 | D:1      | Reached XP level 1. HP: 12/12 MP: 4/4
     0 | D:1      | 0 ||| qw: Version: 0.1-a-89-g26bdef1
     0 | D:1      | 0 ||| qw: Game counter: 1043
     0 | D:1      | 0 ||| qw: Always use a shield: true
     0 | D:1      | 0 ||| qw: God list: Okawaru
     0 | D:1      | 0 ||| qw: Allow faded altars: false
     0 | D:1      | 0 ||| qw: Do Orc after D:15 true
     0 | D:1      | 0 ||| qw: Do second Lair branch before Depths: true
     0 | D:1      | 0 ||| qw: Lair rune preference: random
     0 | D:1      | 0 ||| qw: Plans: Normal
     0 | D:1      | 0 ||| PLANNING D:1-11
    42 | D:1      | You fall into a shaft and drop 1 floor!
   145 | D:2      | 145 ||| DROPPING orb of guile.
   146 | D:2      | 146 ||| READING scroll labelled RUESU FUB AKHLAM.
   147 | D:2      | 147 ||| DROPPING scroll of blinking.
   202 | D:1      | Reached skill level 3 in Axes
   202 | D:1      | Reached XP level 2. HP: 17/17 MP: 6/6
   285 | D:1      | 285 ||| Stepping ~*~*~tactically~*~*~ (stealth).
   288 | D:1      | 288 ||| Stepping ~*~*~tactically~*~*~ (stealth).
   353 | D:1      | 353 ||| Stepping ~*~*~tactically~*~*~ (stealth).
   355 | D:1      | 355 ||| Stepping ~*~*~tactically~*~*~ (stealth).
   383 | D:1      | 383 ||| Stepping ~*~*~tactically~*~*~ (stealth).
   409 | D:1      | 409 ||| Stepping ~*~*~tactically~*~*~ (stealth).
   411 | D:1      | 411 ||| Stepping ~*~*~tactically~*~*~ (stealth).
   412 | D:1      | 412 ||| Stepping ~*~*~tactically~*~*~ (stealth).
   425 | D:1      | 425 ||| Stepping ~*~*~tactically~*~*~ (stealth).
   426 | D:1      | 426 ||| Stepping ~*~*~tactically~*~*~ (stealth).
   430 | D:1      | 430 ||| Stepping ~*~*~tactically~*~*~ (stealth).
   432 | D:1      | 432 ||| Stepping ~*~*~tactically~*~*~ (stealth).
   433 | D:1      | 433 ||| Stepping ~*~*~tactically~*~*~ (stealth).
   436 | D:1      | 436 ||| Stepping ~*~*~tactically~*~*~ (stealth).
   437 | D:1      | 437 ||| Stepping ~*~*~tactically~*~*~ (stealth).
   444 | D:1      | 444 ||| DROPPING +0 club.
   543 | D:1      | Reached XP level 3. HP: 20/21 MP: 7/7
   822 | D:1      | 822 ||| Stepping ~*~*~tactically~*~*~ (stealth).
   823 | D:1      | 823 ||| Stepping ~*~*~tactically~*~*~ (stealth).
   828 | D:1      | Reached skill level 4 in Axes
   914 | D:1      | 914 ||| Stepping ~*~*~tactically~*~*~ (stealth).
  1161 | D:1      | Found a faded altar of an unknown god.
  1464 | D:1      | 1464 ||| UPGRADING to +0 plate armour.
  1474 | D:1      | 1474 ||| DROPPING +0 leather armour.
  1475 | D:1      | 1475 ||| READING scroll labelled BOMIFE ZUGE.
  2042 | D:2      | Reached XP level 4. HP: 15/26 MP: 8/8
  2286 | D:2      | HP: 6/26 [worm (1)]
  2542 | D:2      | 2542 ||| DROPPING +1 whip of draining.
  2823 | D:2      | Reached skill level 5 in Axes
  2824 | D:2      | Noticed Robin
  2827 | D:2      | 2827 ||| Stepping ~*~*~tactically~*~*~ (hiding).
  2838 | D:2      | HP: 6/26 [hobgoblin[Robin] (5)]
  2839 | D:2      | Killed Robin
  2840 | D:2      | Gained mutation: Your magical nature lets you fly swiftly
                  | and evasively. [Tengu growth]
  2840 | D:2      | Reached XP level 5. HP: 7/30 MP: 9/9
  3192 | D:2      | 3192 ||| READING scroll labelled FAYTYA USUD.
  3193 | D:2      | 3193 ||| READING scroll labelled URUJAFF SIXO.
  3297 | D:3      | Found a white marble altar of Elyvilon.
  3515 | D:3      | Noticed a black bear
  3530 | D:3      | Killed a black bear
  3531 | D:3      | Reached skill level 6 in Axes
  3531 | D:3      | Reached XP level 6. HP: 23/35 MP: 10/10
  4156 | D:3      | 4156 ||| DRINKING 2 emerald potions.
  4156 | D:3      | Gained mutation: You occasionally lose the ability to read
                  | scrolls when taking damage. [potion of mutation]
  4156 | D:3      | Gained mutation: You have an increased reservoir of magic.
                  | (+10% MP) [potion of mutation]
  4156 | D:3      | Gained mutation: You expend magic power (3 MP) to
                  | strengthen your wands. [potion of mutation]
  4156 | D:3      | Gained mutation: Your flesh is cold resistant. (rC+)
                  | [potion of mutation]
  4157 | D:3      | 4157 ||| DRINKING potion of mutation.
  4157 | D:3      | Lost mutation: You expend magic power (3 MP) to strengthen
                  | your wands. [potion of mutation]
  4157 | D:3      | Lost mutation: You occasionally lose the ability to read
                  | scrolls when taking damage. [potion of mutation]
  4157 | D:3      | Lost mutation: You have an increased reservoir of magic.
                  | (+10% MP) [potion of mutation]
  4157 | D:3      | Gained mutation: A frigid envelope surrounds you and
                  | freezes all who hurt you. [potion of mutation]
  4157 | D:3      | Gained mutation: You are occasionally teleported next to
                  | monsters. [potion of mutation]
  4158 | D:3      | 4158 ||| DRINKING 2 viscous inky potions.
  4159 | D:3      | 4159 ||| READING 2 scrolls of identify.
  4159 | D:3      | 4159 ||| IDENTIFYING silvery potion
  4160 | D:3      | 4160 ||| DROPPING potion of degeneration.
  4272 | D:4      | 4272 ||| SWAPPING to +0 war axe.
  4273 | D:4      | 4273 ||| DROPPING +0 hand axe of freezing.
  4296 | D:4      | Reached skill level 7 in Axes
  4470 | D:4      | Found a staircase to the Ecumenical Temple.
  4471 | D:4      | 4471 ||| PLANNING TEMPLE
  4480 | D:4      | Reached skill level 3 in Armour
  4480 | D:4      | 4480 ||| DROPPING orb of energy.
  4481 | D:4      | 4481 ||| READING 2 scrolls of identify.
  4481 | D:4      | 4481 ||| IDENTIFYING yellow potion
  4487 | Temple   | Entered the Ecumenical Temple
  4681 | Temple   | 4681 ||| PLANNING D:1-11
  4949 | D:4      | 4949 ||| READING 2 scrolls of identify.
  4949 | D:4      | 4949 ||| IDENTIFYING smoky coppery potion
  4950 | D:4      | 4950 ||| DROPPING potion of lignification.
  4978 | D:5      | Entered Level 5 of the Dungeon
  4984 | D:5      | Reached skill level 3 in Fighting
  4984 | D:5      | Reached XP level 7. HP: 16/41 MP: 11/11
  4984 | D:5      | 4984 ||| STAIRDANCE
  5221 | D:5      | 5221 ||| Stepping ~*~*~tactically~*~*~ (stealth).
  5223 | D:5      | 5223 ||| Stepping ~*~*~tactically~*~*~ (hiding).
  5226 | D:5      | 5226 ||| Stepping ~*~*~tactically~*~*~ (hiding).
  5227 | D:5      | 5227 ||| Stepping ~*~*~tactically~*~*~ (hiding).
  5237 | D:5      | 5237 ||| Stepping ~*~*~tactically~*~*~ (hiding).
  5241 | D:5      | HP: 4/41 [orc priest/nerve-wracking pain (12)]
  5282 | D:5      | Killed from afar by an orc wizard

Levels and vault maps discovered:
D:1:      dpeg_arrival_boxes_within_box, layout_basic,
          hellmonk_ecumenical_altar_prayer_group, lexackson_kobold_supper
D:2:      layout_basic, uniq_robin
D:3:      layout_loops_cross, elyvilon_altar_3
D:4:      layout_cave_pools, minmay_temple_entry_fiery
D:5:      layout_rooms, nicolae_vehumet_altar_sigil,
          nicolae_concentric_dashed_squares_mild, uniq_menkaure
Temple:   nicolae_temple_figure_eight

Skill      XL: |  1  2  3  4  5  6 |
---------------+-------------------+-----
Axes           | 3 4 5 6 7 |  7.8
Armour         | 2 3 |  3.3
Fighting       | 3 |  3.0
Throwing       | |  1.0
Dodging        | |  2.1
Spellcasting   | |  2.0
Translocations | |  2.4

Action                   |  1- 3 |  4- 6 |  7- 9 || total
-------------------------+-------+-------+-------++-------
Melee: Hand axe          |   106 |    99 |       ||   205
       Kick              |    21 |    32 |     6 ||    59
       Peck              |    14 |    18 |     1 ||    33
       Punch             |       |     2 |       ||     2
       War axe           |       |    17 |    13 ||    30
Throw: Boomerang         |     7 |     2 |     6 ||    15
  Use: Scroll            |     2 |     5 |       ||     7
       Potion            |       |     3 |       ||     3
Armor: Leather armour    |    16 |       |       ||    16
       Plate armour      |    29 |    78 |     7 ||   114
Dodge: Dodged            |    47 |    23 |     4 ||    74

Table legend:
 A = Non-vault XP
 B = Vault XP
 C = Vault XP percentage of total XP
 D = Non-vault monster count
 E = Vault monster count
 F = Vault count percentage of total count
                 A         B        C        D         E       F
            +---------+---------+-------+---------+---------+-------
      Total |     850 |      45 |   5.0 |      81 |      19 |  19.0
            +---------+---------+-------+---------+---------+-------
        D:1 |      40 |      10 |  20.0 |      24 |       8 |  25.0
        D:2 |      94 |      35 |  27.1 |      22 |      11 |  33.3
        D:3 |     228 |       0 |   0.0 |      17 |       0 |   0.0
        D:4 |     182 |       0 |   0.0 |       9 |       0 |   0.0
        D:5 |     306 |       0 |   0.0 |       9 |       0 |   0.0
            +---------+---------+-------+---------+---------+-------
